AoeStats
← roadto50elo

Arabia

510020633Analyzed
1v1 RM · 3d ago on Sep 29, 2026· 37m 24s· 2 players
Game mode
Random Map
Map size
Tiny (2 player)
Population
200
Speed
Normal
Resources
Standard
Victory
Conquest
Starting age
Dark Age
Ending age
Imperial Age
RankedLock teamsTeams togetherTeam positionsShared explorationLock speedFull tech treeHidden civsTurbo modeCheats
Victory
Defeat
🇨🇱 Mapuche · Chile
1036
+16
🇭🇰 Khmer · Hong Kong SAR China
1034
-16
Ashin
5:00 Loom
12:22 Feudal Age
12:53 Double-Bit Axe
12:52 Horse Collar
18:17 Castle Age
16:35 Stone Mining
17:09 Gold Mining
17:54 Forging
18:33 Bloodlines
19:40 Bow Saw
20:05 Heavy Plow
21:00 Wheelbarrow
23:44 Stone Shaft Mining
23:05 Fletching
23:32 Town Watch
24:28 Bodkin Arrow
25:32 Hand Cart
31:42 Masonry
33:54 Ballistics
36:30 Imperial Age
34:07 Husbandry
roadto50elo
0:50 Loom
10:11 Feudal Age
18:14 Castle Age
16:26 Champi Runner
16:53 Arson
17:23 Double-Bit Axe
19:43 Champi Warrior
22:54 Wheelbarrow
23:53 Town Watch
25:05 Pikeman
25:47 Gold Mining
34:30 Bow Saw
Connection lost

Rejoining the realm…

Still unreachable

The connection could not be restored.

Session expired

The server has moved on; the page needs a fresh start.